Sabres vs Senators

Created - October-31-12 at 20:08

Goals
1 2 3 T
Sabres 2 0 1 3
Senators 0 1 0 1
Shots
1 2 3 T
Sabres 3 7 4 14
Senators 8 2 4 14

1st period

1. Sabres , Daniel Briere 3 (Christian Ehrhoff, Thomas Vanek) at 5:08
2. Sabres , Marian Hossa 4 (Mike Richards, Christian Ehrhoff) at 16:43 (PP)

Penalties :
Mike Richards (BUF) for Slashing (Minor) at 0:02, Tyler Myers (BUF) for Interference (Minor) at 5:13, Adrian Aucoin (OTT) for Roughing (Minor) at 15:24, Matt Read (OTT) for Roughing (Minor) at 17:09

2nd period

3. Senators , John Tavares 4 (Guillaume Latendresse, Steve Staios) at 13:16

Penalties :
Matt Read (OTT) for Hooking (Minor) at 9:23, Rob Klinkhammer (OTT) for Roughing (Minor) at 16:23

3rd period

4. Sabres , Dan Cleary 2 (Christian Ehrhoff, Karl Alzner) at 8:04

Penalties :
Dion Phaneuf (OTT) for Slashing (Minor) at 15:58, Dion Phaneuf (OTT) for Roughing (Minor) at 18:13

Goalie Stats

Corey Crawford (BUF), 13 saves from 14 shots - (0.929), W, 4-4-2, 60:00 minutes
Craig Anderson (OTT), 9 saves from 12 shots - (0.750), L, 4-2-2, 48:04 minutes
Carey Price (OTT), 2 saves from 2 shots - (1.000), 11:56 minutes

Players Stats for Sabres

Player Name              G  A  P  +/- PIM S  H  SB GA TA FO     MP     PP MP  PK MP  
------------------------------------------------------------------------------------
Andrej Sekera            0  0  0  -1  0   0  0  0  0  0  0/0     6:02   0:00   0:08 
Carson McMillan          0  0  0   1  0   0  0  0  0  0  3/14   14:20   0:00   0:00 
Chris Butler             0  0  0   0  0   0  1  0  0  0  0/0    12:37   0:00   1:05 
Chris Stewart            0  0  0   1  0   1  3  0  0  0  0/0    15:02   0:42   0:00 
Christian Ehrhoff        0  3  3   2  0   0  1  1  0  0  0/0    21:33   6:06   1:58 
Dan Cleary               1  0  1   1  0   1  1  0  0  0  0/0    15:02   0:42   0:00 
Daniel Briere            1  0  1   0  0   1  0  0  0  0  3/8    22:04   4:59   1:40 
Grant Clitsome           0  0  0  -1  0   0  1  0  0  0  0/0     5:54   0:00   0:00 
Jay Bouwmeester          0  0  0   0  0   0  1  1  0  0  0/0    21:01   4:55   2:00 
Jordan Staal             0  0  0   0  0   4  1  0  0  0  11/23  22:54   5:20   2:18 
Karl Alzner              0  1  1   2  0   0  4  1  0  0  0/0    21:33   6:06   1:58 
Marian Hossa             1  0  1   0  0   1  0  0  0  0  3/7    22:54   5:20   2:18 
Mike Richards            0  1  1   0  2   1  4  0  0  0  2/2    19:36   6:02   0:46 
Patrick Kaleta           0  0  0   0  0   1  1  0  0  0  0/2     3:21   0:00   0:54 
Thomas Vanek             0  1  1   0  0   1  0  0  0  0  3/3    20:24   4:59   0:00 
Trevor Daley             0  0  0   0  0   0  0  0  0  0  0/0    11:32   0:00   0:00 
Tuomo Ruutu              0  0  0   0  0   2  4  0  0  0  1/1    20:24   4:59   0:00 
Tyler Myers              0  0  0   0  2   1  4  2  0  0  0/0    19:47   4:55   0:47 

Players Stats for Senators

Player Name              G  A  P  +/- PIM S  H  SB GA TA FO     MP     PP MP  PK MP  
------------------------------------------------------------------------------------
Adrian Aucoin            0  0  0   1  2   0  3  1  0  0  0/0    21:04   0:00   4:26 
Anton Stralman           0  0  0  -2  0   0  0  1  0  0  0/0    18:20   1:50   2:59 
Claude Giroux            0  0  0  -1  0   2  0  0  0  0  0/0    15:08   2:05   0:00 
Daniel Sedin             0  0  0  -1  0   3  0  0  0  0  0/1    16:45   1:53   1:49 
Dion Phaneuf             0  0  0  -2  4   1  1  0  0  0  0/0    17:54   2:08   1:58 
Guillaume Latendresse    0  1  1   0  0   0  5  0  0  0  0/0    15:06   0:00   1:14 
Jared Cowen              0  0  0   0  0   2  4  0  0  0  0/0    22:06   2:08   5:26 
Jason Spezza             0  0  0  -1  0   2  0  0  0  0  11/16  15:47   1:53   0:35 
Jay Pandolfo             0  0  0   0  0   0  0  0  0  0  4/8    10:50   0:00   5:39 
Jim OBrien               0  0  0   0  0   0  0  0  0  0  4/4    17:25   0:00   3:33 
John Mitchell            0  0  0   0  0   0  1  0  0  0  0/0    10:50   0:00   5:39 
John Tavares             1  0  1   0  0   2  0  2  0  0  7/14   15:57   2:05   0:00 
Joni Pitkanen            0  0  0   0  0   0  0  0  0  0  0/0    18:17   1:50   1:52 
Kaspars Daugavins        0  0  0   0  0   0  0  0  0  0  1/1     9:19   0:00   4:08 
Matt Read                0  0  0   0  4   1  2  0  0  0  0/1    14:46   1:53   0:00 
Rob Klinkhammer          0  0  0   0  2   0  1  0  0  0  0/0    12:54   0:00   0:00 
Sidney Crosby            0  0  0   0  0   0  0  0  0  0  7/15   15:00   2:05   0:00 
Steve Staios             0  1  1   1  0   1  1  1  0  0  0/0    21:25   0:00   4:46 

3 Stars

1 - Christian Ehrhoff (BUF)
2 - Karl Alzner (BUF)
3 - Dan Cleary (BUF)

Power Play

Sabres - 1 on 6 Attempt(s) - 16.67%
Senators - 0 on 2 Attempt(s) - 0.00%

Penalty Kill

Sabres - 2 on 2 Attempt(s) - 100.00% - Score 0 goal in Penalty Kill
Senators - 5 on 6 Attempt(s) - 83.33% - Score 0 goal in Penalty Kill

Official

Referees : Kelly Sutherland and Dean Morton
Linesman : Tim Nowak and Thor Nelson

Game Notes

Carey Price enters game at 8:04 of 3rd period

Finance

Level 1 -- Attendance: 5767 (88.72%) -- Ticket Income $576,700
Level 2 -- Attendance: 5000 (100.00%) -- Ticket Income $300,000
Level 3 -- Attendance: 3424 (97.83%) -- Ticket Income $119,840
Level 4 -- Attendance: 2748 (87.16%) -- Ticket Income $82,440
Luxury Box -- Attendance: 901 (90.10%) -- Ticket Income $225,250
Game was played at the Scotiabank Place
Total Attendance: 17840 (93.14%)
Total Ticket Income: $1,304,230
Other Income: $195,634
Total Income: $1,499,864


% Time on Ice - Sabres

Lines # - Real PCT - Wanted PCT - Time Play
Normal Forward
1 - 28% - 40% - 12:49
2 - 34% - 30% - 15:25
3 - 32% - 20% - 14:20
4 - 5% - 10% - 2:27
Normal Defense
1 - 31% - 40% - 14:06
2 - 30% - 30% - 13:29
3 - 26% - 20% - 11:32
4 - 13% - 10% - 5:54
PP Forward
1 - 55% - 60% - 6:02
2 - 45% - 40% - 4:59
PP Defense
1 - 45% - 60% - 4:55
2 - 55% - 40% - 6:06
PK Forward
1 - 58% - 60% - 2:18
2 - 42% - 40% - 1:40
PK Defense
1 - 50% - 60% - 2:00
2 - 50% - 40% - 1:58
PK3 Forward
1 - 0% - 60%
2 - 0% - 40%
PK3 Defense
1 - 0% - 60%
2 - 0% - 40%
44 Forward
1 - 0% - 60%
2 - 0% - 40%
44 Defense
1 - 0% - 60%
2 - 0% - 40%
Last Minute Offensive  - 0:00
Last Minute Defensive  - 0:00
Total
Forward - 60:00
Defense - 60:00

% Time on Ice - Senators

Lines # - Real PCT - Wanted PCT - Time Play
Normal Forward
1 - 29% - 30% - 13:03
2 - 29% - 30% - 12:55
3 - 31% - 30% - 13:52
4 - 12% - 10% - 5:11
Normal Defense
1 - 38% - 35% - 16:55
2 - 32% - 35% - 14:35
3 - 20% - 20% - 9:10
4 - 10% - 10% - 4:21
PP Forward
1 - 47% - 60% - 1:53
2 - 53% - 40% - 2:05
PP Defense
1 - 54% - 60% - 2:08
2 - 46% - 40% - 1:50
PK Forward
1 - 65% - 60% - 7:11
2 - 35% - 40% - 3:50
PK Defense
1 - 44% - 60% - 4:52
2 - 56% - 40% - 6:09
PK3 Forward
1 - 0% - 60%
2 - 0% - 40%
PK3 Defense
1 - 0% - 60%
2 - 0% - 40%
44 Forward
1 - 0% - 60%
2 - 0% - 40%
44 Defense
1 - 0% - 60%
2 - 0% - 40%
Last Minute Offensive  - 0:00
Last Minute Defensive  - 0:00
Total
Forward - 60:00
Defense - 60:00

Play by Play

1st period


0:01 of 1st period - Jason Spezza wins face-off versus Jordan Staal in neutral zone.
0:01 of 1st period - Claude Giroux is hit by Mike Richards and loses puck.
0:02 of 1st period - Minor Penalty to Mike Richards for Slashing.
0:03 of 1st period - Marian Hossa wins face-off versus Jason Spezza in Sabres zone.
0:03 of 1st period - Marian Hossa is hit by Matt Read.
0:17 of 1st period - Shot by Daniel Sedin.
0:17 of 1st period - Shot Misses the Net.
0:19 of 1st period - Shot by Daniel Sedin.
0:19 of 1st period - Stopped by Corey Crawford without a rebound.
0:20 of 1st period - Sidney Crosby wins face-off versus Marian Hossa in Sabres zone.
0:47 of 1st period - Shot by Claude Giroux.
0:47 of 1st period - Shot Misses the Net.
1:04 of 1st period - Shot by Joni Pitkanen.
1:04 of 1st period - Shot Blocked by Christian Ehrhoff.
1:13 of 1st period - Off-side.
1:14 of 1st period - Jason Spezza wins face-off versus Patrick Kaleta in neutral zone.
1:29 of 1st period - Shot by Dion Phaneuf.
1:29 of 1st period - Shot Blocked by Tyler Myers.
1:31 of 1st period - Shot by Matt Read.
1:31 of 1st period - Stopped by Corey Crawford without a rebound.
1:32 of 1st period - Jason Spezza wins face-off versus Patrick Kaleta in Sabres zone.
1:43 of 1st period - Shot by Dion Phaneuf.
1:43 of 1st period - Stopped by Corey Crawford without a rebound.
1:44 of 1st period - Marian Hossa wins face-off versus Sidney Crosby in Sabres zone.
2:24 of 1st period - Icing by Trevor Daley.
2:25 of 1st period - John Tavares wins face-off versus Carson McMillan in Sabres zone.
2:25 of 1st period - Jim OBrien is hit by Chris Butler and loses puck.
2:31 of 1st period - Off-side.
2:32 of 1st period - Jordan Staal wins face-off versus Sidney Crosby in neutral zone.
2:51 of 1st period - Shot by Matt Read.
2:51 of 1st period - Shot Blocked by Tyler Myers.
3:47 of 1st period - Icing by Adrian Aucoin.
3:48 of 1st period - Carson McMillan wins face-off versus Jason Spezza in Senators zone.
4:34 of 1st period - Icing by Claude Giroux.
4:35 of 1st period - Jason Spezza wins face-off versus Daniel Briere in Senators zone.
5:08 of 1st period - Shot by Daniel Briere.
5:08 of 1st period - Goal by Daniel Briere - Sabres : 1 - Senators : 0.
5:09 of 1st period - Sidney Crosby wins face-off versus Jordan Staal in neutral zone.
5:13 of 1st period - Minor Penalty to Tyler Myers for Interference.
5:14 of 1st period - Sidney Crosby wins face-off versus Marian Hossa in Sabres zone.
6:23 of 1st period - Shot by Jason Spezza.
6:23 of 1st period - Stopped by Corey Crawford without a rebound.
6:24 of 1st period - Jason Spezza wins face-off versus Marian Hossa in Sabres zone.
6:28 of 1st period - Daniel Sedin is hit by Christian Ehrhoff and loses puck.
6:31 of 1st period - Shot by Daniel Sedin.
6:31 of 1st period - Stopped by Corey Crawford without a rebound.
6:32 of 1st period - Marian Hossa wins face-off versus Jason Spezza in Sabres zone.
6:32 of 1st period - Marian Hossa is hit by Matt Read.
7:15 of 1st period - John Tavares is hit by Grant Clitsome and loses puck.
7:19 of 1st period - Icing by Andrej Sekera.
7:20 of 1st period - Carson McMillan wins face-off versus John Tavares in Sabres zone.
7:20 of 1st period - Carson McMillan is hit by Guillaume Latendresse.
7:27 of 1st period - Off-side.
7:28 of 1st period - Thomas Vanek wins face-off versus John Tavares in neutral zone.
7:34 of 1st period - Icing by John Tavares.
7:35 of 1st period - John Tavares wins face-off versus Jordan Staal in Senators zone.
7:46 of 1st period - Guillaume Latendresse is hit by Jordan Staal.
7:59 of 1st period - Shot by Marian Hossa.
7:59 of 1st period - Deflect By Jordan Staal.
7:59 of 1st period - Shot Misses the Net.
8:01 of 1st period - Shot by Marian Hossa.
8:01 of 1st period - Shot Misses the Net.
8:03 of 1st period - Shot by Tyler Myers.
8:03 of 1st period - Shot Blocked by John Tavares.
8:05 of 1st period - Shot by Mike Richards.
8:05 of 1st period - Shot Blocked by John Tavares.
8:07 of 1st period - Shot by Marian Hossa.
8:07 of 1st period - Shot Misses the Net.
9:25 of 1st period - Icing by Trevor Daley.
9:26 of 1st period - Jason Spezza wins face-off versus Carson McMillan in Sabres zone.
10:15 of 1st period - Icing by Claude Giroux.
10:16 of 1st period - Jordan Staal wins face-off versus Daniel Sedin in Senators zone.
10:30 of 1st period - Off-side.
10:31 of 1st period - Thomas Vanek wins face-off versus Sidney Crosby in neutral zone.
10:54 of 1st period - Icing by Karl Alzner.
10:55 of 1st period - Daniel Briere wins face-off versus John Tavares in Sabres zone.
11:00 of 1st period - Steve Staios is hit by Tuomo Ruutu and loses puck.
11:12 of 1st period - Steve Staios is hit by Karl Alzner and loses puck.
11:58 of 1st period - Sidney Crosby is hit by Karl Alzner and loses puck.
12:39 of 1st period - Shot by Claude Giroux.
12:39 of 1st period - Stopped by Corey Crawford without a rebound.
12:40 of 1st period - Jordan Staal wins face-off versus Jay Pandolfo in Sabres zone.
12:50 of 1st period - Mike Richards is hit by Dion Phaneuf and loses puck.
14:06 of 1st period - Daniel Sedin is hit by Chris Stewart and loses puck.
14:25 of 1st period - Jared Cowen is hit by Patrick Kaleta and loses puck.
14:46 of 1st period - Shot by Patrick Kaleta.
14:46 of 1st period - Shot Misses the Net.
14:48 of 1st period - Shot by Jordan Staal.
14:48 of 1st period - Shot Misses the Net.
14:50 of 1st period - Shot by Jordan Staal.
14:50 of 1st period - Stopped by Craig Anderson without a rebound.
14:51 of 1st period - John Tavares wins face-off versus Carson McMillan in Senators zone.
14:51 of 1st period - John Tavares is hit by Dan Cleary.
15:15 of 1st period - Shot by John Tavares.
15:15 of 1st period - Stopped by Corey Crawford without a rebound.
15:16 of 1st period - Sidney Crosby wins face-off versus Jordan Staal in Sabres zone.
15:24 of 1st period - Minor Penalty to Adrian Aucoin for Roughing.
15:25 of 1st period - Jay Pandolfo wins face-off versus Daniel Briere in Senators zone.
15:25 of 1st period - Jay Pandolfo is hit by Tuomo Ruutu.
15:41 of 1st period - Shot by Daniel Briere.
15:41 of 1st period - Shot Misses the Net.
15:57 of 1st period - Shot by Jay Pandolfo.
15:57 of 1st period - Shot Blocked by Jay Bouwmeester.
15:59 of 1st period - Shot by Jared Cowen.
15:59 of 1st period - Stopped by Corey Crawford with a rebound.
16:10 of 1st period - Jay Bouwmeester is hit by Jared Cowen and loses puck.
16:41 of 1st period - Shot by Mike Richards.
16:41 of 1st period - Shot Hit the Post.
16:43 of 1st period - Shot by Marian Hossa.
16:43 of 1st period - Goal by Marian Hossa - Sabres : 2 - Senators : 0.
16:44 of 1st period - Sidney Crosby wins face-off versus Carson McMillan in neutral zone.
17:09 of 1st period - Minor Penalty to Matt Read for Roughing.
17:10 of 1st period - Jay Pandolfo wins face-off versus Jordan Staal in Senators zone.
17:48 of 1st period - Icing by Marian Hossa.
17:49 of 1st period - Jim OBrien wins face-off versus Jordan Staal in Sabres zone.
19:23 of 1st period - Carson McMillan is hit by Rob Klinkhammer and loses puck.
19:57 of 1st period - Icing by Dion Phaneuf.
19:58 of 1st period - Daniel Briere wins face-off versus Sidney Crosby in Senators zone.

2nd period


0:01 of 2nd period - Jordan Staal wins face-off versus John Tavares in neutral zone.
0:10 of 2nd period - Shot by Mike Richards.
0:10 of 2nd period - Deflect By Jordan Staal.
0:10 of 2nd period - Stopped by Craig Anderson without a rebound.
0:11 of 2nd period - Jordan Staal wins face-off versus Jason Spezza in Senators zone.
0:11 of 2nd period - Mike Richards is hit by Steve Staios.
1:10 of 2nd period - Shot by Thomas Vanek.
1:10 of 2nd period - Stopped by Craig Anderson with a rebound.
1:12 of 2nd period - Shot by Tuomo Ruutu.
1:12 of 2nd period - Stopped by Craig Anderson without a rebound.
1:13 of 2nd period - John Tavares wins face-off versus Carson McMillan in Senators zone.
1:15 of 2nd period - Jared Cowen is hit by Chris Stewart and loses puck.
1:20 of 2nd period - John Tavares is hit by Chris Stewart and loses puck.
2:58 of 2nd period - Icing by Karl Alzner.
2:59 of 2nd period - Jason Spezza wins face-off versus Daniel Briere in Sabres zone.
3:06 of 2nd period - Shot by Daniel Sedin.
3:06 of 2nd period - Stopped by Corey Crawford without a rebound.
3:07 of 2nd period - Jason Spezza wins face-off versus Jordan Staal in Sabres zone.
3:07 of 2nd period - Claude Giroux is hit by Tyler Myers and loses puck.
3:57 of 2nd period - Jason Spezza is hit by Tyler Myers and loses puck.
4:09 of 2nd period - Icing by Steve Staios.
4:10 of 2nd period - Jason Spezza wins face-off versus Carson McMillan in Senators zone.
5:19 of 2nd period - Icing by Chris Stewart.
5:20 of 2nd period - Sidney Crosby wins face-off versus Carson McMillan in Sabres zone.
6:26 of 2nd period - Kaspars Daugavins is hit by Tyler Myers and loses puck.
7:53 of 2nd period - Jim OBrien is hit by Karl Alzner and loses puck.
8:17 of 2nd period - Jordan Staal is hit by Adrian Aucoin and loses puck.
8:28 of 2nd period - Shot by Patrick Kaleta.
8:28 of 2nd period - Stopped by Craig Anderson without a rebound.
8:29 of 2nd period - Jordan Staal wins face-off versus Matt Read in Senators zone.
9:23 of 2nd period - Minor Penalty to Matt Read for Hooking.
9:24 of 2nd period - Daniel Briere wins face-off versus Jay Pandolfo in Senators zone.
10:02 of 2nd period - Daniel Briere is hit by Jared Cowen and loses puck.
10:14 of 2nd period - Icing by Jay Bouwmeester.
10:15 of 2nd period - Jim OBrien wins face-off versus Jordan Staal in Sabres zone.
10:24 of 2nd period - Shot by Tyler Myers.
10:24 of 2nd period - Shot Misses the Net.
10:26 of 2nd period - Shot by Marian Hossa.
10:26 of 2nd period - Shot Misses the Net.
10:28 of 2nd period - Shot by Marian Hossa.
10:28 of 2nd period - Deflect By Jordan Staal.
10:28 of 2nd period - Shot Misses the Net.
13:16 of 2nd period - Shot by John Tavares.
13:16 of 2nd period - Goal by John Tavares - Sabres : 2 - Senators : 1.
13:17 of 2nd period - Kaspars Daugavins wins face-off versus Jordan Staal in neutral zone.
13:19 of 2nd period - Off-side.
13:20 of 2nd period - Jordan Staal wins face-off versus Sidney Crosby in neutral zone.
13:32 of 2nd period - Dion Phaneuf is hit by Mike Richards and loses puck.
14:04 of 2nd period - Shot by Mike Richards.
14:04 of 2nd period - Stopped by Craig Anderson without a rebound.
14:05 of 2nd period - John Tavares wins face-off versus Carson McMillan in Senators zone.
16:23 of 2nd period - Minor Penalty to Rob Klinkhammer for Roughing.
16:24 of 2nd period - Mike Richards wins face-off versus Jay Pandolfo in Senators zone.
16:24 of 2nd period - Mike Richards is hit by Adrian Aucoin.
17:24 of 2nd period - Shot by Tuomo Ruutu.
17:24 of 2nd period - Stopped by Craig Anderson without a rebound.
17:25 of 2nd period - Jim OBrien wins face-off versus Jordan Staal in Senators zone.
17:54 of 2nd period - Shot by Jordan Staal.
17:54 of 2nd period - Shot Misses the Net.
18:59 of 2nd period - Shot by Dan Cleary.
18:59 of 2nd period - Deflect By Chris Stewart.
18:59 of 2nd period - Stopped by Craig Anderson without a rebound.
19:00 of 2nd period - Thomas Vanek wins face-off versus Sidney Crosby in Senators zone.
19:53 of 2nd period - Jared Cowen is hit by Tuomo Ruutu and loses puck.

3rd period


0:01 of 3rd period - Jordan Staal wins face-off versus John Tavares in neutral zone.
0:07 of 3rd period - Jordan Staal is hit by Jared Cowen and loses puck.
0:10 of 3rd period - Shot by Jordan Staal.
0:10 of 3rd period - Stopped by Craig Anderson without a rebound.
0:11 of 3rd period - Jordan Staal wins face-off versus Jason Spezza in Senators zone.
0:25 of 3rd period - Daniel Sedin is hit by Jay Bouwmeester.
0:54 of 3rd period - Claude Giroux is hit by Tyler Myers.
1:38 of 3rd period - Shot by Thomas Vanek.
1:38 of 3rd period - Shot Misses the Net.
1:53 of 3rd period - Karl Alzner is hit by Guillaume Latendresse and loses puck.
3:00 of 3rd period - Jordan Staal is hit by John Mitchell and loses puck.
3:53 of 3rd period - Shot by Thomas Vanek.
3:53 of 3rd period - Shot Misses the Net.
4:41 of 3rd period - Shot by Jared Cowen.
4:41 of 3rd period - Stopped by Corey Crawford without a rebound.
4:42 of 3rd period - Jason Spezza wins face-off versus Carson McMillan in Sabres zone.
5:02 of 3rd period - Icing by Carson McMillan.
5:03 of 3rd period - Carson McMillan wins face-off versus John Tavares in Sabres zone.
5:03 of 3rd period - Carson McMillan is hit by Guillaume Latendresse.
5:06 of 3rd period - Icing by Christian Ehrhoff.
5:07 of 3rd period - John Tavares wins face-off versus Carson McMillan in Sabres zone.
5:35 of 3rd period - Shot by Dan Cleary.
5:35 of 3rd period - Shot Misses the Net.
6:06 of 3rd period - Marian Hossa is hit by Jared Cowen and loses puck.
7:07 of 3rd period - Shot by Jason Spezza.
7:07 of 3rd period - Stopped by Corey Crawford with a rebound.
8:04 of 3rd period - Shot by Dan Cleary.
8:04 of 3rd period - Goal by Dan Cleary - Sabres : 3 - Senators : 1.
8:04 of 3rd period - Carey Price enters game.
8:05 of 3rd period - Jordan Staal wins face-off versus Sidney Crosby in neutral zone.
8:25 of 3rd period - Shot by Jordan Staal.
8:25 of 3rd period - Stopped by Carey Price without a rebound.
8:26 of 3rd period - Jay Pandolfo wins face-off versus Carson McMillan in Senators zone.
8:30 of 3rd period - Icing by Adrian Aucoin.
8:31 of 3rd period - Jay Pandolfo wins face-off versus Jordan Staal in Senators zone.
8:59 of 3rd period - Shot by Marian Hossa.
8:59 of 3rd period - Shot Blocked by Adrian Aucoin.
9:01 of 3rd period - Shot by Tyler Myers.
9:01 of 3rd period - Stopped by Carey Price without a rebound.
9:02 of 3rd period - Tuomo Ruutu wins face-off versus Sidney Crosby in Senators zone.
9:25 of 3rd period - Shot by Sidney Crosby.
9:25 of 3rd period - Shot Misses the Net.
9:36 of 3rd period - Sidney Crosby is hit by Karl Alzner and loses puck.
9:48 of 3rd period - Icing by Christian Ehrhoff.
9:49 of 3rd period - John Tavares wins face-off versus Daniel Briere in Sabres zone.
10:01 of 3rd period - Shot by John Tavares.
10:01 of 3rd period - Shot Blocked by Karl Alzner.
10:03 of 3rd period - Shot by Jim OBrien.
10:03 of 3rd period - Shot Misses the Net.
10:05 of 3rd period - Shot by Steve Staios.
10:05 of 3rd period - Stopped by Corey Crawford without a rebound.
10:06 of 3rd period - Jason Spezza wins face-off versus Jordan Staal in Sabres zone.
10:11 of 3rd period - Shot by Claude Giroux.
10:11 of 3rd period - Stopped by Corey Crawford without a rebound.
10:12 of 3rd period - Jordan Staal wins face-off versus John Tavares in Sabres zone.
10:12 of 3rd period - Jordan Staal is hit by Guillaume Latendresse.
10:15 of 3rd period - Marian Hossa is hit by Guillaume Latendresse and loses puck.
10:50 of 3rd period - Mike Richards is hit by Adrian Aucoin and loses puck.
12:42 of 3rd period - Jared Cowen is hit by Tuomo Ruutu and loses puck.
13:09 of 3rd period - Dion Phaneuf is hit by Mike Richards and loses puck.
13:38 of 3rd period - Sidney Crosby is hit by Mike Richards and loses puck.
14:09 of 3rd period - Shot by Carson McMillan.
14:09 of 3rd period - Shot Hit the Post.
14:15 of 3rd period - Shot by Trevor Daley.
14:15 of 3rd period - Shot Blocked by Steve Staios.
15:11 of 3rd period - Shot by Daniel Briere.
15:11 of 3rd period - Shot Misses the Net.
15:13 of 3rd period - Shot by Christian Ehrhoff.
15:13 of 3rd period - Shot Misses the Net.
15:15 of 3rd period - Shot by Christian Ehrhoff.
15:15 of 3rd period - Shot Misses the Net.
15:17 of 3rd period - Shot by Christian Ehrhoff.
15:17 of 3rd period - Shot Misses the Net.
15:19 of 3rd period - Shot by Daniel Briere.
15:19 of 3rd period - Shot Misses the Net.
15:21 of 3rd period - Shot by Daniel Briere.
15:21 of 3rd period - Shot Misses the Net.
15:23 of 3rd period - Shot by Daniel Briere.
15:23 of 3rd period - Shot Misses the Net.
15:58 of 3rd period - Minor Penalty to Dion Phaneuf for Slashing.
15:59 of 3rd period - Mike Richards wins face-off versus Jay Pandolfo in Senators zone.
16:08 of 3rd period - Shot by Marian Hossa.
16:08 of 3rd period - Shot Blocked by Anton Stralman.
18:01 of 3rd period - Icing by Sidney Crosby.
18:02 of 3rd period - Sidney Crosby wins face-off versus Marian Hossa in Senators zone.
18:13 of 3rd period - Minor Penalty to Dion Phaneuf for Roughing.
18:14 of 3rd period - Jim OBrien wins face-off versus Daniel Briere in Senators zone.
19:21 of 3rd period - Shot by Jordan Staal.
19:21 of 3rd period - Shot Misses the Net.
19:23 of 3rd period - Shot by Marian Hossa.
19:23 of 3rd period - Shot Hit the Post.


Output by the SimonT Hockey Simulator (STHS) for Stephane Roy -- Original Page W3C XHTML 1.0 Valid
Hockey Simulator - Hockey Simulation - Hockey Manager